 Dungeon Crawl Stone Soup version 0.25-a0-200-g5ba96148f3 (webtiles) character file.

Game seed: 9984602477700804233, levelgen mode: deterministic

629 timespace the Shield-Bearer (level 7, -1/44 HPs)
             Began as a Gargoyle Fighter on Dec 2, 2019.
             Slain by Blork the orc
             ... wielding a +0 hand axe of electrocution
              (2 damage)
             ... on level 5 of the Dungeon.
             The game lasted 00:11:29 (4880 turns).

timespace the Shield-Bearer (Gargoyle Fighter)      Turns: 4880, Time: 00:11:29

Health: -1/44      AC: 13    Str: 21    XL:     7   Next: 48%
Magic:  7/7        EV: 22    Int:  9    God:
Gold:   222        SH: 11    Dex:  9    Spells: 6/6 levels left

rFire    . . .     SeeInvis .   h - +2 mace (crush)
rCold    . . .     Gourm    .   c - +1 shield
rNeg     + . .     Faith    .   b - +0 scale mail
rPois    ∞         Spirit   .   (no helmet)
rElec    +         Reflect  .   v - +0 cloak
rCorr    .         Harm     .   (no gloves)
MR       .....                  (no boots)
Stlth    ..........             y - amulet of the acrobat
HPRegen  0.14/turn              (no ring)
MPRegen  0.10/turn              (no ring)

@: acrobat
A: negative energy resistance 1, electricity resistance, unbreathing,
petrification resistance, rot immunity, AC +4
a: no special abilities


You were on level 5 of the Dungeon.
You were very hungry.

You visited 1 branch of the dungeon, and saw 5 of its levels.

You collected 222 gold pieces.

Inventory:

Hand Weapons
 a - a +0 flail
 h - a +2 mace of crushing (weapon)
 l - a +1 mace of protection
 m - the +1 mace of Gatseiq {chaos, +Rage}
   (You found it on level 4 of the Dungeon)

   Each time it hits an enemy it has a different, random effect.
   It lets you go berserk.
 n - a +1 mace
Missiles
 k - 223 stones
 t - 6 boomerangs
 u - 6 javelins (quivered)
Armour
 b - a +0 scale mail (worn)
 c - a +1 shield (worn)
 v - a +0 cloak (worn)
Jewellery
 j - an uncursed ring of teleportation
 x - an uncursed ring of wizardry {unknown}
 y - an amulet of the acrobat (around neck)
Scrolls
 g - a scroll of enchant weapon
 p - 2 scrolls of identify
 s - a scroll of fog
 z - a scroll of remove curse
Potions
 d - 2 potions of might
 e - 3 potions of curing {unknown}
 i - a potion of heal wounds {unknown}
 o - a potion of brilliance {unknown}
 q - 3 potions of lignification
 r - 2 potions of haste
 w - a potion of magic
Comestibles
 f - 7 rations


   Skills:
 * Level 5.2 Fighting
 * Level 4.2 Maces & Flails
 + Level 2.0 Throwing
 * Level 5.1 Armour
 * Level 5.2 Shields


You had 6 spell levels left.
You didn't know any spells.
Your spell library contained the following spells:

 Spells                   Type           Power        Failure   Level  Hunger
 Corona                   Hex            #......      98%         1    ##.....
 Ensorcelled Hibernation  Hex/Ice        #.....       99%         2    ###....
 Confuse                  Hex            #.......     100%        3    ####...
 Dazzling Spray           Conj/Hex       #.....       100%        3    ####...
 Tukima's Dance           Hex            #.......     100%        3    ####...


Dungeon Overview and Level Annotations

Branches:
Dungeon (5/15)
 Temple: D:4-7

Altars:
Cheibriados
Nemelex Xobeh
Wu Jian
Xom
Yredelemnul
Zin
The Shining One

Shops:
D:4 }

Annotations:
D:5 Blork the orc


Innate Abilities, Weirdness & Mutations

You are resistant to torment.
Your stone body is resilient. (AC +4)
You are immune to poison.
You resist negative energy. (rN+)
You are resistant to electric shocks. (rElec)
You can survive without breathing.
You are immune to petrification.
You are immune to rotting.


Message History

Blork the orc hits you but does no damage.
You block the ogre's attack.
You completely miss Blork the orc.
Blork the orc is almost dead.
Blork the orc casts a spell at you. The magic dart hits you.
Blork the orc closely misses you.
Your scale mail prevents you from hitting Blork the orc.
Blork the orc is almost dead.
Blork the orc hits you but does no damage.
The ogre hits you with a +0 giant spiked club.
Blork the orc gestures at you while chanting.
The puff of frost hits you!
You barely miss Blork the orc.
Blork the orc is almost dead.
Blork the orc barely misses you.
The ogre hits you with a +0 giant spiked club!!
* * * LOW HITPOINT WARNING * * *
Blork the orc barely misses you.
Blork the orc hits you with a +0 hand axe of electrocution.
You die...

.## ##.......... ..###
#.......... ....##
##.........
#....#####.........
###.....###.....##
##......#.....##
##............##
##.......#....# .
#........#.@O## ..
#.........#.o.## ...
#..........#...## ...# ##
#...........#...## .o.#
.#####............#..(##.J.#
..##......^.......#.......#
...................#....(##
.....##............##....#
....###............##......


You could see Blork the orc and an ogre.

Vanquished Creatures
  Sigmund (D:3)
  Menkaure (D:5)
  A scorpion (D:4)
  A centaur zombie (D:5)
  Crazy Yiuf (D:4)
  2 orc wizards (D:3)
  A worker ant (D:4)
  A gnoll (D:1)
  6 adders
  An ooze (D:5)
  A worm (D:3)
  4 dart slugs
  3 leopard geckos
  4 orcs
  A ball python (D:2)
  6 bats
  2 giant cockroaches
  13 goblins
  9 hobgoblins
  4 jackals (D:2)
  6 kobolds
  A quokka (D:2)
  6 frilled lizards
  A jackal skeleton (D:4)
  10 rats
  A plant (D:1)
88 creatures vanquished.

Notes
Turn   | Place    | Note
-------+----------+-------------------------------------------
     0 | D:1      | timespace the Gargoyle Fighter began the quest for the Orb.
     0 | D:1      | Reached XP level 1. HP: 14/14 MP: 1/1
   186 | D:1      | Reached XP level 2. HP: 17/19 MP: 2/2
   351 | D:1      | Reached XP level 3. HP: 23/23 MP: 3/3
  1291 | D:2      | Reached XP level 4. HP: 23/29 MP: 4/4
  1544 | D:2      | Found a glowing golden altar of the Shining One.
  1633 | D:2      | Found a shimmering blue altar of Sif Muna.
  1635 | D:2      | Found a shimmering altar of Xom.
  1635 | D:2      | Found an ornate altar of the Wu Jian Council.
  1638 | D:2      | Found a snail-covered altar of Cheibriados.
  1638 | D:2      | Found a shimmering altar of Xom.
  1638 | D:2      | Found a glowing silver altar of Zin.
  1719 | D:2      | Found a faded altar of an unknown god.
  1955 | D:2      | Found a sparkling altar of Nemelex Xobeh.
  2359 | D:3      | Reached skill level 1 in Throwing
  2461 | D:3      | Noticed Sigmund
  2892 | D:3      | Reached XP level 5. HP: 33/33 MP: 5/5
  3076 | D:3      | Killed Sigmund
  3076 | D:3      | Reached XP level 6. HP: 35/39 MP: 6/6
  3360 | D:5      | Entered Level 5 of the Dungeon
  3435 | D:4      | Found Sebeh's Gadget Emporium.
  3685 | D:3      | Reached XP level 7. HP: 11/44 MP: 7/7
  4100 | D:4      | Got an ichor-stained mace
  4101 | D:4      | Identified the cursed +1 mace of Gatseiq {chaos, +Rage}
                  | (You found it on level 4 of the Dungeon)
  4230 | D:4      | Found a runed translucent door.
  4240 | D:4      | Noticed Crazy Yiuf
  4279 | D:4      | Killed Crazy Yiuf
  4279 | D:4      | Reached skill level 5 in Fighting
  4661 | D:5      | Noticed Menkaure
  4666 | D:5      | Killed Menkaure
  4666 | D:5      | Reached skill level 5 in Armour
  4666 | D:5      | Reached skill level 5 in Shields
  4853 | D:5      | Found a basalt altar of Yredelemnul.
  4860 | D:5      | Noticed Blork the orc
  4878 | D:5      | HP: 1/44 [ogre/+0 giant spiked club (21)]
  4880 | D:5      | Slain by Blork the orc

Levels and vault maps discovered:
D:1:      co_arrival_random_square_maze, layout_loops_cross, chequers_big_river
D:2:      layout_loops_ring, lemuel_crystal_altar, marbit_many_paths,
          doesnt_xom_only_xom, chequers_ecumenical_altar_twisty, first_ration,
          columned_hall_lemuel
D:3:      layout_loops_ring, kennysheep_generic_room_7, uniq_sigmund
D:4:      layout_basic, serial_shops, nicolae_shop_trees,
          uniq_crazy_yiuf_cottage
D:5:      layout_layer_cave, yredelemnul_altar_generic, uniq_blork_the_orc,
          uniq_menkaure

Skill      XL: |  1  2  3  4  5  6  7 |
---------------+----------------------+-----
Fighting       | 4 5 |  5.2
Shields        | 4 5 |  5.2
Throwing       | 1 2 |  2.0
Armour         | 4 5 |  5.1
Maces & Flails | 3 4 |  4.2

Action                   |  1- 3 |  4- 6 |  7- 9 || total
-------------------------+-------+-------+-------++-------
Melee: Flail             |    50 |       |       ||    50
       Mace              |    88 |   201 |    36 ||   325
Throw: Javelin           |       |    10 |     5 ||    15
       Boomerang         |       |    11 |       ||    11
  Use: Scroll            |       |    10 |     2 ||    12
  Eat: Chunk             |     2 |     7 |     3 ||    12
Armor: Scale mail        |    53 |   114 |    16 ||   183
Dodge: Dodged            |    31 |    63 |     7 ||   101
Block: Shield            |    54 |   126 |    18 ||   198

Table legend:
 A = Non-vault XP
 B = Vault XP
 C = Vault XP percentage of total XP
 D = Non-vault monster count
 E = Vault monster count
 F = Vault count percentage of total count
                 A         B        C        D         E       F
            +---------+---------+-------+---------+---------+-------
      Total |     437 |     462 |  51.4 |      80 |       7 |   8.0
            +---------+---------+-------+---------+---------+-------
        D:1 |      55 |       0 |   0.0 |      22 |       0 |   0.0
        D:2 |      65 |      14 |  17.7 |      32 |       1 |   3.0
        D:3 |     131 |     237 |  64.4 |      18 |       4 |  18.2
        D:4 |     133 |      42 |  24.0 |       6 |       1 |  14.3
        D:5 |      53 |     169 |  76.1 |       2 |       1 |  33.3
            +---------+---------+-------+---------+---------+-------
